 Seeded DCSS version 0.29.1-15-g9cfb28693d (webtiles) character file.

Game seed: 5539412050805608917 (custom seed)

12455 bmack86 the Cleaver (level 11, -7/97 HPs)
             Began as a Minotaur Fighter on May 4, 2023.
             Was a High Priest of Okawaru.
             Mangled by a sixfirhy (10 damage)
             ... summoned by a kobold demonologist
             ... while paralysed
             ... on level 11 of the Dungeon.
             The game lasted 00:28:19 (11138 turns).

bmack86 the Cleaver (Minotaur Fighter)             Turns: 11138, Time: 00:28:20

Health: -7/97      AC: 30    Str: 31    XL:     11   Next: 62%
Magic:  0/14       EV:  2    Int: -2 (5) God:    Okawaru [*****.]
Gold:   786        SH:  0    Dex: 10    Spells: 10/10 levels left

rFire   . . .      SeeInvis .   j - +1 broad axe (protect)
rCold   . . .      Faith    .   c - +0 buckler
rNeg    . . .      Spirit   +   e - +3 plate armour of the Armoured One {Stlth+}
rPois   +          Reflect  .   (helmet restricted)
rElec   .          Harm     .   l - +1 cloak
rCorr   .          Rampage  .   E - +2 pair of gloves of the Volcano {-Tele +Inv Regen+}
Will    .....      NoTele   +   (no boots)
Stlth   ..........              z - amulet of guardian spirit
HPRegen 1.06/turn               n - +6 ring of strength
MPRegen 0.14/turn               s - ring of poison resistance

@: paralysed, under a protective aura, slowed, lost intelligence, unable to read
A: horns 2, retaliatory headbutt, deterioration 1, sense surroundings 1,
MP-powered wands
a: Renounce Religion, Evoke Invisibility, Heroism, Finesse, Duel


You were on level 11 of the Dungeon.
You worshipped Okawaru.
Okawaru was extremely pleased with you.
You visited 2 branches of the dungeon, and saw 13 of its levels.
You also visited: Bailey.

You collected 786 gold pieces.

Inventory:

Hand Weapons
 b - a +1 spectral war axe
 j - a +1 broad axe of protection (weapon)
 C - a +0 broad axe
Missiles
 u - a throwing net
 x - 6 boomerangs (quivered)
 B - 2 silver javelins
 J - 7 silver boomerangs
 M - 5 curare-tipped darts
Armour
 c - a +0 buckler (worn)
 e - the +3 plate armour of the Armoured One (worn) {Stlth+}
   (You acquired it on level 1 of the Dungeon)

   Stlth:     It makes you more stealthy.
 l - a +1 cloak (worn)
 E - the +2 pair of gloves of the Volcano (worn) {-Tele +Inv Regen+}
   (You found it on level 8 of the Dungeon)

   +Inv:      It lets you turn invisible.
   -Tele:     It prevents most forms of teleportation.
   Regen:     It increases your rate of health regeneration.
Jewellery
 a - a ring of positive energy
 k - a +6 ring of intelligence
 m - a ring of protection from cold
 n - a +6 ring of strength (left hand)
 s - a ring of poison resistance (right hand)
 y - a ring of resist corrosion
 z - an amulet of guardian spirit (around neck)
Wands
 g - a wand of roots (16)
 o - a wand of paralysis (6)
Scrolls
 q - 4 scrolls of fog
 t - 2 scrolls of poison
 A - a scroll of teleportation
 F - a scroll of blinking
 I - a scroll of amnesia
Potions
 d - 3 potions of might
 f - 3 potions of curing
 h - 4 potions of berserk rage
 i - 3 potions of invisibility
 p - a potion of magic {unknown}
 v - a potion of lignification
 w - 2 potions of flight
 D - a potion of degeneration {unknown}
 G - a potion of cancellation {unknown}
 H - a potion of haste {unknown}
 K - 2 potions of ambrosia


   Skills:
 + Level 9.5 Fighting
 * Level 12.6 Axes
 + Level 5.7 Throwing
 + Level 9.7 Armour
 + Level 9.6 Shields
 + Level 6.6 Invocations


You had 10 spell levels left.
You didn't know any spells.
Your spell library contained the following spells:

 Spells                   Type           Power      Damage    Failure   Level
 Foxfire                  Conj/Fire      0%         2x1d4     99%         1
 Freeze                   Ice            0%         1d3       99%         1
 Conjure Flame            Conj/Fire      0%         6-21      100%        3
 Frozen Ramparts          Ice            0%         1d1       100%        3
 Gell's Gravitas          Tloc           0%         N/A       100%        3
 Inner Flame              Hex/Fire       0%         N/A       100%        3
 Ozocubu's Armour         Ice            0%         N/A       100%        3
 Teleport Other           Tloc           0%         N/A       100%        3
 Anguish                  Hex/Necr       0%         N/A       100%        4
 Flame Wave               Conj/Fire      0%         2d4       100%        4
 Hailstorm                Conj/Ice       0%         3d3       100%        4
 Ice Form                 Ice/Tmut       0%         N/A       100%        4
 Dispersal                Tloc           0%         N/A       100%        6
 Enfeeble                 Hex            0%         N/A       100%        7
 Ozocubu's Refrigeration  Ice            0%         4d7       100%        7
 Simulacrum               Ice/Necr       Unusable   N/A       N/A         6

Dungeon Overview and Level Annotations

Branches:
Dungeon (12/15)            Temple (1/1) D:6            Lair (0/5) D:8
    Orc (0/2) D:9          Bailey (visited)

Altars:
Ashenzari
Cheibriados
Dithmenos
Elyvilon
Fedhas
Kikubaaqudgha
Makhleb
Nemelex Xobeh
Okawaru
Qazlal
Uskayaw
Xom
Yredelemnul
Zin

Shops:
D:1 =   D:2 =

Annotations:
Temple 2 transporters


Innate Abilities, Weirdness & Mutations

You have a pair of horns on your head.
You reflexively headbutt those who attack you in melee.
Your body sometimes deteriorates upon taking damage.
You passively map a small area around you.
You expend magic power (3 MP) to strengthen your wands.


Message History

The kobold brigand hits you but does no damage.
The kobold hits you but does no damage.
You barely miss the sixfirhy.
The sixfirhy is lightly wounded.
You hit the kobold brigand.
You closely miss the kobold demonologist.
You closely miss the kobold. You block the sixfirhy's attack.
The sixfirhy hits you. The sixfirhy shocks you!
The sixfirhy hits you but does no damage.
The neqoxec gestures at you.
You feel dopey.
You have lost your intelligence.
Something feeds on your intellect!
The kobold brigand hits you but does no damage.
The kobold hits you but does no damage.
The kobold demonologist hits you but does no damage.
The sixfirhy hits you! The sixfirhy shocks you!
* * * LOW HITPOINT WARNING * * *
The sixfirhy hits you but does no damage. x2
The iron imp shouts, "Take thy face hence, thou dissembling unchin-snouted pissant!"
The kobold hits you with a +0 dagger.
* * * LOW HITPOINT WARNING * * *
The kobold brigand hits you but does no damage.
The kobold demonologist hits you but does no damage.
The kobold brigand hits you but does no damage.
The kobold demonologist hits you but does no damage.
The kobold hits you but does no damage.
The neqoxec hits you but does no damage.
The kobold hits you but does no damage.
The kobold brigand hits you but does no damage.
The kobold demonologist hits you but does no damage.
The sixfirhy hits you. The sixfirhy shocks you!
* * * LOW HITPOINT WARNING * * *
The sixfirhy hits you!
* * * LOW HITPOINT WARNING * * *
The sixfirhy shocks you!
* * * LOW HITPOINT WARNING * * *
The sixfirhy hits you.
* * * LOW HITPOINT WARNING * * *
The sixfirhy shocks you!
You die...

...(...#...# ,
...... #..# ,, ,
....#+###..#######
,
....+..#.........#
....#..'.........#
....#..#.........#*
....#..#.....).55+
,
....#..#......53K#
,
....#'####+####3@#
, +
..............#KK#
..............#KK#*
** ,
..............#.K.
..............#...#
,
..............#...#
, *
..............#...#
,
..............#####
* ,
##.....###'#......,


You could see a kobold demonologist, a sixfirhy (summoned), a neqoxec
(summoned), a kobold brigand, 2 iron imps, a crimson imp (summoned) and 4
kobolds.

Vanquished Creatures
  The ghost of sigtrap the Cleaver, a journeyman GnBe of Trog (D:10)
  2 vault guards (Bailey)
  A two-headed ogre (D:10)
  A centaur warrior (D:11)
  Maurice (D:8)
  A gargoyle (D:12)
  Maggie (D:8)
  A kobold demonologist (D:11)
  A hornet (D:9)
  A blink frog (Bailey)
  A troll (D:10)
  Prince Ribbit (D:7)
  Sigmund (D:4)
  A shadow (D:9)
  A vampire (D:10)
  3 yaks (D:11)
  A wyvern (D:8)
  4 humans (Bailey)
  2 steam dragons (D:9)
  Grum (D:8)
  4 water moccasins
  A sky beast (D:7)
  5 orc warriors
  4 black bears
  An ice beast (D:6)
  3 wolves (D:8)
  4 centaurs
  3 kobold brigands
  10 bullfrogs
  3 scorpions
  3 necrophages
  11 wights
  7 killer bees (D:9)
  2 electric eels (D:6)
  7 howler monkeys
  7 hounds
  A jelly (D:6)
  A human zombie (D:5)
  Crazy Yiuf (D:2)
  A scorpion zombie (D:5)
  A gnoll bouda (D:8)
  Jessica (D:2)
  Ijyb (D:3)
  3 iguanas
  Natasha (thrice) (D:2)
  4 orc wizards
  2 hound zombies (D:5)
  4 mummies (D:5)
  8 adders
  18 gnolls
  3 shadow imps
  4 white imps
  A worm (D:3)
  7 dart slugs
  26 orcs
  6 ball pythons
  4 bats
  5 endoplasms
  6 giant cockroaches
  7 goblins
  14 hobgoblins
  10 jackals
  18 kobolds
  3 quokkas
  4 frilled lizards
  6 rats
275 creatures vanquished.

Vanquished Creatures (others)
  A sky beast (D:8)
  14 fungi (D:8)
  16 plants (D:8)
  2 withered plants (D:10)
33 creatures vanquished.

Grand Total: 308 creatures vanquished

Notes
Turn   | Place    | Note
-------+----------+-------------------------------------------
     0 | D:1      | bmack86 the Minotaur Fighter began the quest for the Orb.
     0 | D:1      | Reached XP level 1. HP: 19/19 MP: 0/0
    92 | D:1      | Reached XP level 2. HP: 18/27 MP: 1/1
   111 | D:1      | Reached skill level 3 in Axes
   234 | D:1      | Found Lypayd's Jewellery Emporium.
   688 | D:1      | Reached XP level 3. HP: 29/33 MP: 2/2
  1257 | D:1      | Found a faded altar of an unknown god.
  1431 | D:1      | Identified a scroll of acquirement
  1431 | D:1      | Acquired the +3 plate armour of the Armoured One {Stlth+}
  1720 | D:2      | Noticed Jessica
  1732 | D:2      | Killed Jessica
  1733 | D:2      | Reached skill level 4 in Axes
  1733 | D:2      | Reached XP level 4. HP: 32/40 MP: 3/3
  1854 | D:2      | Found Vepy's Jewellery Shoppe.
  1887 | D:2      | Reached XP level 5. HP: 33/47 MP: 4/4
  2188 | D:2      | Found a runed translucent door.
  2189 | D:2      | Noticed Crazy Yiuf
  2194 | D:2      | Killed Crazy Yiuf
  2455 | D:2      | Noticed Natasha
  2460 | D:2      | Killed Natasha
  2461 | D:2      | Reached skill level 5 in Axes
  2516 | D:2      | Noticed Natasha
  2524 | D:2      | Killed Natasha
  2539 | D:2      | Found a broken altar of Ashenzari.
  2881 | D:2      | Noticed Natasha
  2886 | D:2      | Killed Natasha
  2887 | D:2      | Reached skill level 5 in Armour
  2887 | D:2      | Reached XP level 6. HP: 55/55 MP: 5/5
  3007 | D:3      | Found an iron altar of Okawaru.
  3008 | D:3      | Noticed Ijyb
  3014 | D:3      | Killed Ijyb
  3037 | D:3      | Became a worshipper of Warmaster Okawaru
  3263 | D:3      | Reached skill level 5 in Fighting
  3542 | D:3      | Identified the +3 rapier of Darkness {antimagic, Will++
                  | Str-3}
  4226 | D:4      | Found a blossoming altar of Fedhas.
  4394 | D:4      | Noticed Sigmund
  4404 | D:4      | Killed Sigmund
  4405 | D:4      | Reached skill level 5 in Shields
  4405 | D:4      | Reached skill level 1 in Invocations
  4535 | D:4      | Reached skill level 6 in Axes
  4535 | D:4      | Reached XP level 7. HP: 61/61 MP: 6/6
  4535 | D:4      | Reached * piety under Okawaru
  4881 | D:5      | Entered Level 5 of the Dungeon
  5157 | D:5      | Found a hide-covered altar of Uskayaw.
  5365 | D:5      | Reached skill level 7 in Axes
  5377 | D:5      | Reached ** piety under Okawaru
  5378 | D:5      | Reached XP level 8. HP: 64/70 MP: 8/8
  5686 | D:5      | Found a broken altar of Ashenzari.
  5891 | D:5      | Reached skill level 8 in Axes
  5904 | D:5      | Found an ancient bone altar of Kikubaaqudgha.
  5981 | D:6      | Found a staircase to the Ecumenical Temple.
  5985 | D:6      | Reached skill level 1 in Throwing
  5992 | Temple   | Entered the Ecumenical Temple
  5992 | Temple   | Found a transporter.
  5992 | Temple   | Found a transporter.
  6524 | D:6      | Identified the +5 long sword "Kutu" {drain, rPois}
  6559 | D:6      | Reached XP level 9. HP: 69/78 MP: 8/10
  6731 | D:6      | Reached *** piety under Okawaru
  6915 | D:6      | Reached skill level 9 in Axes
  7054 | D:7      | Noticed Prince Ribbit
  7062 | D:7      | Killed Prince Ribbit
  7150 | D:7      | Found a flagged portal.
  7229 | D:7      | Gained mutation: You possess an exceptional clarity of
                  | mind. [potion of mutation]
  7229 | D:7      | Gained mutation: Your body sometimes deteriorates upon
                  | taking damage. [potion of mutation]
  7229 | D:7      | Gained mutation: You have a pair of large horns on your
                  | head. [potion of mutation]
  7230 | D:7      | Lost mutation: You have a pair of large horns on your head.
                  | [potion of mutation]
  7230 | D:7      | Lost mutation: You possess an exceptional clarity of mind.
                  | [potion of mutation]
  7230 | D:7      | Gained mutation: You passively map a small area around you.
                  | [potion of mutation]
  7230 | D:7      | Gained mutation: You expend magic power (3 MP) to
                  | strengthen your wands. [potion of mutation]
  7235 | Bailey   | Entered a bailey
  7260 | Bailey   | Reached **** piety under Okawaru
  7559 | Bailey   | Received a gift from Okawaru
  7560 | Bailey   | Reached skill level 10 in Axes
  7732 | Bailey   | Noticed a vault guard
  7740 | Bailey   | Killed a vault guard
  7741 | Bailey   | Reached XP level 10. HP: 72/88 MP: 9/12
  7772 | Bailey   | Noticed a vault guard
  7793 | Bailey   | Killed a vault guard
  7793 | Bailey   | Received a gift from Okawaru
  7794 | Bailey   | Reached skill level 5 in Invocations
  8621 | D:8      | Reached skill level 11 in Axes
  8671 | D:8      | Identified the +2 pair of gloves of the Volcano {-Tele +Inv
                  | Regen+}
  8683 | D:8      | Noticed Maggie
  8695 | D:8      | Killed Maggie
  8705 | D:8      | Received a gift from Okawaru
  8781 | D:8      | Noticed Maurice
  8791 | D:8      | Killed Maurice
  8830 | D:8      | Reached ***** piety under Okawaru
  8914 | D:8      | Found a staircase to the Lair.
  9067 | D:8      | Noticed Grum
  9072 | D:8      | Received a gift from Okawaru
  9079 | D:8      | Killed Grum
  9096 | D:8      | Reached XP level 11. HP: 94/95 MP: 12/14
  9583 | D:9      | Reached skill level 5 in Throwing
  9756 | D:9      | Found a staircase to the Orcish Mines.
 10074 | D:10     | Entered Level 10 of the Dungeon
 10074 | D:10     | Found a glowing silver altar of Zin.
 10118 | D:10     | Found a stormy altar of Qazlal.
 10213 | D:10     | Found a runed translucent door.
 10214 | D:10     | Noticed sigtrap's ghost (journeyman GnBe)
 10215 | D:10     | Noticed a two-headed ogre
 10227 | D:10     | Killed a two-headed ogre
 10228 | D:10     | Reached skill level 12 in Axes
 10248 | D:10     | Killed sigtrap's ghost
 10998 | D:11     | Received a gift from Okawaru
 11012 | D:11     | You fall into a shaft and drop 1 floor!
 11038 | D:11     | Identified the +0 ring mail of Jeingytu {rN+ rCorr Int+8}
 11066 | D:11     | Noticed a centaur warrior
 11075 | D:11     | Killed a centaur warrior
 11125 | D:11     | Received a gift from Okawaru
 11130 | D:11     | Noticed a sixfirhy
 11134 | D:11     | Lost intelligence.
 11138 | D:11     | HP: 3/97 [sixfirhy[a kobold demonologist] (3)]
 11138 | D:11     | Mangled by a sixfirhy

Illustrated notes

Levels and vault maps discovered:
D:1:      sevenhm_arrival_forest_fort_large_2, layout_loops_ring, serial_shops,
          shop_statue, hellmonk_ecumenical_altar_zigzags, nicolae_titane
D:2:      layout_basic, serial_shops, nicolae_shop_waterfront, basic_altar,
          minivault_14, minmay_tromino_v2, uniq_jessica,
          uniq_crazy_yiuf_cottage, uniq_natasha
D:3:      layout_loops_corners, okawaru_trees_1, uniq_ijyb
D:4:      layout_basic, fedhas_ov_isle_minmay, uniq_sigmund
D:5:      layout_basic, nicolae_uskayaw_dance_hall,
          mainiacjoe_overflow_alcove_1, lemuel_mausoleum_altar_kikubaaqudgha
D:6:      layout_rooms, minmay_temple_entry_tees, minivault_14,
          minmay_misc_feat_rows, bh_walls_and_bars
D:7:      layout_loops_cross, enter_bailey_4, uniq_prince_ribbit1
D:8:      layout_basic, grunt_lair_entry_orc_guard_hut, uniq_maggie,
          uniq_maurice, uniq_grum
D:9:      layout_irregular_city, david_orc_2
D:10:     layout_stronghold, mainiacjoe_overflow_catch_the_wave,
          serial_column_ruins, column_ruins_grid_1,
          column_ruins_corridor_corner, column_ruins_open_tiny,
          gammafunk_ghost_grave
D:11:     layout_gridville
D:12:     layout_loops_cross
Temple:   hellmonk_temple_divided_pantheon

Skill      XL: |  1  2  3  4  5  6  7  8  9 10 11 |
---------------+----------------------------------+-----
Axes           | 3 4 5 6 7 8 10 11 12 | 12.6
Armour         | 4 5 6 8 9 |  9.7
Fighting       | 4 5 6 7 8 9 |  9.5
Shields        | 4 5 6 8 9 |  9.6
Invocations    | 1 2 3 4 5 6 |  6.6
Throwing       | 1 3 4 5 |  5.7

Action                   |  1- 3 |  4- 6 |  7- 9 | 10-12 || total
-------------------------+-------+-------+-------+-------++-------
Melee: War axe           |    80 |   106 |   182 |       ||   368
       Headbutt          |     9 |    15 |    27 |    43 ||    94
       Broad axe         |       |       |       |   297 ||   297
Invok: Heroism           |       |       |     2 |     4 ||     6
  Use: Scroll            |     3 |    11 |     2 |    10 ||    26
       Potion            |       |     1 |     2 |     3 ||     6
 Stab: Distracted        |       |       |     1 |       ||     1
Armor: Scale mail        |    44 |       |       |       ||    44
       Plate armour      |    21 |   108 |   132 |   284 ||   545
Dodge: Dodged            |    42 |    40 |    58 |   104 ||   244
Block: Buckler           |    26 |    24 |    51 |    86 ||   187
